 Dungeon Sprint DCSS version 0.19.1-1-g22dce08 (webtiles) character file.

8529 Groucho the Acrobat (level 17, -21/62 HPs)
             Began as a Felid Berserker on Jan 7, 2017.
             Was the Champion of Trog.
             Hit by a large rock thrown by a stone giant (38 damage)
             ... in the Dungeon (Sprint VI: "Thunderdome").
             The game lasted 00:23:21 (3372 turns).

Groucho the Acrobat (Felid Berserker)               Turns: 3372, Time: 00:23:22

Health: -21/62     AC:  3    Str: 10 (11) XL:     17   Next: 94%
Magic:  26/26      EV: 41    Int: 15      God:    Trog [******]
Gold:   808        SH:  0    Dex: 27      Spells: 0 memorised, 16 levels left
                                        Lives:  0   Deaths: 5

rFire  + + .     SeeInvis +       - Unarmed
rCold  + + .     Gourm    +     (armour unavailable)
rNeg   + + .     Faith    .     (shield unavailable)
rPois  +         Spirit   .     (helmet unavailable)
rElec  .         Reflect  .     (cloak unavailable)
rCorr  +         Harm     .     (gloves unavailable)
MR     ++++.     NoTele   +     (boots unavailable)
Stlth  +++++++++.               y - amulet of Puteeb {Gourm rF+ Dex+9}
                                s - ring of Midnight {rCorr rPois rF+ Dex-4}
                                C - ring of Kueruoq {rC+ rN++ Int+5}

@: exhausted, regenerating, slowed, studying Evocations, slow
A: no armour, no weapons or thrown items, stealth, claws 1, fangs 3, see
invisible, carnivore 3, deterioration 2, speed 1, frail 3, low mp 1, shaggy fur
3, slow metabolism 1, weak 1, no device heal 1, sharp paws
a: Berserk, Trog's Hand, Brothers in Arms, Burn Spellbooks, Renounce Religion
}: 3/15 runes: serpentine, elven, gossamer


You were in the Dungeon.
You worshipped Trog.
Trog was exalted by your worship.
You were not hungry.

You visited 1 branch You collected 5700 gold pieces.
You spent 4892 gold pieces at shops.

Inventory:

Jewellery
 a - an uncursed ring of fire
 c - the ring "Zessool" {rF+ rC- Str+9 Slay-3 Stlth+}
   (You bought it in a shop in the Dungeon)

   [ring of protection from fire]

   It affects your strength (+9).
   It affects your accuracy and damage with ranged weapons and melee attacks
   (-3).
   It protects you from fire.
   It makes you vulnerable to cold.
   It makes you more stealthy.
 p - the ring "Wofafov" {+Inv MR- Str+5 Int+2 Stlth+}
   (You bought it in a shop in the Dungeon)

   [ring of strength]

   It affects your strength (+5).
   It affects your intelligence (+2).
   It affects your resistance to hostile enchantments.
   It lets you turn invisible.
   It makes you more stealthy.
 q - the ring "Xudyoh" {EV+2 Dex+2}
   (You bought it in a shop in the Dungeon)

   [ring of evasion]

   It affects your evasion (+2).
   It affects your dexterity (+2).
 r - the amulet "Valud" {Faith Str-3 Int+6}
   (You bought it in a shop in the Dungeon)

   [amulet of faith]

   It allows you to gain divine favour quickly.
   It affects your strength (-3).
   It affects your intelligence (+6).
 s - the ring of Midnight (right paw) {rCorr rPois rF+ Dex-4}
   (You bought it in a shop in the Dungeon)

   [ring of resist corrosion]

   It affects your dexterity (-4).
   It protects you from fire.
   It protects you from poison.
 t - the cursed ring of Sefouf {rC++ MR- AC-3 Int+2 Stlth+}
   (You bought it in a shop in the Dungeon)

   [ring of protection]

   It affects your AC (-3).
   It affects your intelligence (+2).
   It greatly protects you from cold.
   It affects your resistance to hostile enchantments.
   It makes you more stealthy.
   It has a curse placed upon it.
 u - the amulet of the Sky {Harm *Drain Int+5}
   (You bought it in a shop in the Dungeon)

   [amulet of harm]

   It increases damage dealt and taken.
   It affects your intelligence (+5).
   It causes draining when unequipped.
 v - the ring "Mawnaomexku" {rN+ MR+}
   (You bought it in a shop in the Dungeon)

   [ring of positive energy]

   It protects you from negative energy.
   It affects your resistance to hostile enchantments.
 w - the ring "Quogoria" {Ice Str+3}
   (You bought it in a shop in the Dungeon)

   [ring of ice]

   It enhances your ice magic.
   It affects your strength (+3).
   It makes you vulnerable to fire.
   It protects you from cold.
 x - the ring "Pola" {rPois rC- MR+ Int+3}
   (You bought it in a shop in the Dungeon)

   [ring of protection from magic]

   It affects your intelligence (+3).
   It makes you vulnerable to cold.
   It protects you from poison.
   It affects your resistance to hostile enchantments.
 y - the amulet of Puteeb (around neck) {Gourm rF+ Dex+9}
   (You bought it in a shop in the Dungeon)

   [amulet of the gourmand]

   It allows you to eat raw meat even when not hungry.
   It affects your dexterity (+9).
   It protects you from fire.
 z - the ring "Futeituf" {Ice *Slow rPois MR+++ SInv}
   (You bought it in a shop in the Dungeon)

   [ring of ice]

   It enhances your ice magic.
   It makes you vulnerable to fire.
   It protects you from cold.
   It protects you from poison.
   It affects your resistance to hostile enchantments.
   It lets you see invisible.
   It may slow you when you take damage.
 A - the ring "Erihot" {rF+ rC- Int+4}
   (You bought it in a shop in the Dungeon)

   [ring of protection from fire]

   It affects your intelligence (+4).
   It protects you from fire.
   It makes you vulnerable to cold.
 B - the ring of Doubts {Wiz +Inv rElec rN+ Dex-2}
   (You bought it in a shop in the Dungeon)

   [ring of wizardry]

   It improves your spell success rate.
   It affects your dexterity (-2).
   It insulates you from electricity.
   It protects you from negative energy.
   It lets you turn invisible.
 C - the ring of Kueruoq (left paw) {rC+ rN++ Int+5}
   (You bought it in a shop in the Dungeon)

   [ring of intelligence]

   It affects your intelligence (+5).
   It protects you from cold.
   It greatly protects you from negative energy.
Wands
 b - a wand of heal wounds (0/9)
 h - a wand of acid (5/15)
 i - a wand of iceblast (5/15)
 m - a wand of flame (22/48)
Scrolls
 g - 4 scrolls of blinking
 j - 3 scrolls of fog
Potions
 d - 2 potions of haste
 e - 2 potions of magic
 f - a potion of berserk rage
 k - a potion of resistance
 l - 4 potions of curing
 n - a potion of might
 o - 8 potions of heal wounds
Books
 F - a manual of Evocations
Miscellaneous
 D - a quad damage
Comestibles
 E - 5 royal jellies


   Skills:
 + Level 17.8 Fighting
 + Level 21.7 Dodging
 + Level 21.6 Stealth
 + Level 18.0 Unarmed Combat
 + Level 14.5 Evocations


You had 16 spell levels left.
You didn't know any spells.

Dungeon Overview and Level Annotations

Branches:
Dungeon (1/1)

Altars:
Cheibriados
Dithmenos
Fedhas
Gozag
Kikubaaqudgha
Makhleb
Okawaru
Qazlal
Ru
Sif Muna
Trog
Uskayaw
Vehumet
Xom
Yredelemnul
Zin
The Shining One
Beogh
Jiyva
Lugonu

Shops:
D [%??*?*:[((!!!!


Innate Abilities, Weirdness & Mutations

You cannot wear armour.
You are incapable of wielding weapons or throwing items.
Your paws allow you to move quietly. (Stealth)
You have sharp claws.
You have razor-sharp teeth.
You have supernaturally acute eyesight. (SInv)
You are carnivorous and can eat meat at any time.
You cover ground quickly.
Your thick and shaggy fur keeps you warm. (AC +3, rC+)
You have a slow metabolism.
Your sharp claws are effective at attacking unaware monsters.
Your body often deteriorates upon taking damage.
You are extremely frail. (-30% HP)
Your magical capacity is low. (-10% MP)
You are weak. (Str -2)
Potions and wands are less effective at restoring your health.


Message History

Things that are here:
an antimagic glaive; a chain mail; a chunk of flesh Eat a chunk of flesh? (ye/n/q)
You start eating the chunk of flesh.
The stone giant moves out of view.
This raw flesh tastes great.
No target in view!
No target in view!
The stone giant throws a large rock.
The large rock misses you.
You see here a large rock.
You feel the effects of Trog's Hand fading.
The stone giant throws a large rock.
The large rock hits you!!!
Ouch! That really hurt!
* * * LOW HITPOINT WARNING * * *
Your body deteriorates!
You feel weakened.
You see here a large rock.
You are too injured to fight recklessly!
The stone giant throws a large rock.
The large rock completely misses you.
The stone giant throws a large rock.
The large rock hits you!!!
Ouch! That really hurt!
You die...

#∩.......∩# #.....[.._#
#_..[...._# #_......._#
###.....).).###
#⌠.........))⌠#
#####.8.....(.((8.######
∩__)....)(###..(..[___∩##
....[.(.8(# #.8.@[.....∩###
........[|###.....).......##
...[(..###.).###.C..()....⌠#
.).[[.(# #.<.# #[..)).....⌠#
..[.)((###..[###..........⌠#
..)...((..###...[...C.....##
....(..(8.# #.8........∩###
∩___(([.((###......_._∩##
#####(8...(.....8.######


You could see a stone giant and a friendly stone giant (berserk).

Vanquished Creatures
  Arachne (D)
  A stone giant (D)
  4 ogre magi (D)
  2 centaur warriors (D)
  An iron elemental (D)
  An orc high priest (D)
  3 vampire magi (D)
  An iron troll (D)
  3 swamp dragons (D)
  11 shining eyes (D)
  3 deep elf magi (D)
  A rust devil (D)
  2 naga magi (D)
  A komodo dragon (D)
  A demonic crawler (D)
  A wind drake (D)
  3 two-headed ogres (D)
  A redback (D)
  Sigmund (D)
  Grum (D)
  3 insubstantial wisps (D)
  3 hell hounds (D)
  A swamp drake (D)
  Purgy (D)
  An orc warrior (D)
  6 sky beasts (D)
  13 ogres (D)
  6 centaurs (D)
  3 wolves (D)
  A gnoll sergeant (D)
  6 earth elementals (D)
  A scorpion (D)
  2 killer bees (D)
  A hound (D)
  A gnoll shaman (D)
  Jessica (D)
  A hell rat (D)
  A worker ant (D)
  2 gnolls (D)
  An adder (D)
  3 river rats (D)
  An orc (D)
  A quokka (D)
103 creatures vanquished.

Vanquished Creatures (collateral kills)
  A deep elf elementalist (D)
  An orc warlord (D)
  A stone giant (D)
  Nessos (D)
  Aizul (D)
  A swamp dragon (D)
  An orc knight (D)
  A rust devil (D)
  3 queen bees (D)
  A tarantella (D)
  A mottled dragon (D)
  A swamp drake (D)
  2 centaurs (D)
  3 earth elementals (D)
  5 killer bees (D)
24 creatures vanquished.

Vanquished Creatures (others)
  An ogre mage (D)
1 creature vanquished.

Grand Total: 128 creatures vanquished

Notes
Turn   | Place    | Note
-------+----------+-------------------------------------------
     0 | D        | Groucho the Felid Berserker began the quest for the Orb.
     0 | D        | Reached XP level 1. HP: 10/10 MP: 2/2
     1 | D        | Found a radiant altar of Vehumet.
     1 | D        | Found a shadowy altar of Dithmenos.
     2 | D        | Found a basalt altar of Yredelemnul.
     2 | D        | Found a shimmering altar of Xom.
     3 | D        | Found an ancient bone altar of Kikubaaqudgha.
     4 | D        | Found a glowing golden altar of the Shining One.
     4 | D        | Found a burning altar of Makhleb.
     4 | D        | Found Xumaff's Staff Store.
     4 | D        | Found Simolah's Magic Scroll Shop.
     5 | D        | Found Paschuass's Must-Have Magic.
     5 | D        | Found Geph's Magic Scroll Shop.
     7 | D        | Round 1.
    16 | D        | Found a corrupted altar of Lugonu.
    19 | D        | Found a deep blue altar of Sif Muna.
    20 | D        | Found Pufedoc's Bee Food.
    21 | D        | Found Eceaxidgh's Jewellery.
    21 | D        | Found Zukhuw's Advanced Armour.
    25 | D        | Found an opulent altar of Gozag.
    25 | D        | Found an iron altar of Okawaru.
    25 | D        | Found a bloodstained altar of Trog.
    25 | D        | Found Someriel's Identification Station.
    31 | D        | Noticed a scorpion
    42 | D        | Noticed Sigmund
    42 | D        | Killed a scorpion
    42 | D        | Reached skill level 5 in Fighting
    42 | D        | Reached skill level 5 in Unarmed Combat
    42 | D        | Reached XP level 2. HP: 3/16 MP: 3/3
    42 | D        | Reached XP level 3. HP: 3/19 MP: 4/4
    54 | D        | Found a snail-covered altar of Cheibriados.
    54 | D        | Found a roughly hewn altar of Beogh.
    55 | D        | Found Yrghauhy's Distillery.
    55 | D        | Found a hide-covered altar of Uskayaw.
    55 | D        | Found Taxit's Do-It-Yourself Clinic.
    56 | D        | Found Xiut Omi's Distillery.
    56 | D        | Found Hinaez Jauge's Bottled Wisdom.
    59 | D        | Found a glowing silver altar of Zin.
    75 | D        | Killed Sigmund
    75 | D        | Reached ** piety under Trog
    75 | D        | Reached XP level 4. HP: 25/25 MP: 5/5
    75 | D        | Reached XP level 5. HP: 28/28 MP: 6/6
    77 | D        | Found a stormy altar of Qazlal.
    82 | D        | Found a sacrificial altar of Ru.
   100 | D        | Noticed Jessica
   103 | D        | Killed Jessica
   103 | D        | Reached *** piety under Trog
   103 | D        | Arena points: 14 (+14) [x2]
   156 | D        | Round 2.
   171 | D        | Bought 3 scrolls of identify for 150 gold pieces
   179 | D        | Bought a fine bone amulet for 45 gold pieces
   179 | D        | Identified the amulet "Ycwaa" {Inacc +Blink} (You bought it in a shop in the Dungeon)
   237 | D        | Found a viscous altar of Jiyva.
   238 | D        | Found a blossoming altar of Fedhas.
   238 | D        | Found Cumiod's Weapon Rack.
   238 | D        | Found Misewer's Premium Goods.
   242 | D        | Gained mutation: You are covered in thick fur. (AC +2) [Felid growth]
   242 | D        | Reached XP level 6. HP: 33/33 MP: 7/7
   243 | D        | Found Loizirch's Basic Armour.
   243 | D        | Found Ytsiat's Miscellaneous Merchandise.
   287 | D        | Noticed Purgy
   296 | D        | Killed Purgy
   296 | D        | Reached **** piety under Trog
   296 | D        | Reached skill level 10 in Dodging
   329 | D        | Arena points: 56 (+42) [x3]
   329 | D        | Reached skill level 1 in Stealth
   347 | D        | Bought a clouded bronze ring for 45 gold pieces
   347 | D        | Identified the ring of Jyoheri {*Corrode rPois MR++ Int+4 Stlth+} (You bought it in a shop in the Dungeon)
   393 | D        | Round 3.
   414 | D        | Noticed a hell hound
   423 | D        | Killed a hell hound
   423 | D        | Reached XP level 7. HP: 13/38 MP: 8/8
   473 | D        | Reached skill level 5 in Stealth
   473 | D        | Reached skill level 10 in Unarmed Combat
   486 | D        | Reached ***** piety under Trog
   519 | D        | Noticed Grum
   524 | D        | Killed Grum
   524 | D        | Arena points: 140 (+84) [x4]
   524 | D        | Reached skill level 10 in Fighting
   524 | D        | Reached XP level 8. HP: 42/43 MP: 9/9
   551 | D        | Bought a warped amber ring for 45 gold pieces
   551 | D        | Identified the ring "Wofafov" {+Inv MR- Str+5 Int+2 Stlth+} (You bought it in a shop in the Dungeon)
   556 | D        | Round 4.
   730 | D        | Arena points: 280 (+140) [x5]
   754 | D        | Bought 3 scrolls of identify for 150 gold pieces
   762 | D        | Bought a bound ivory ring for 45 gold pieces
   762 | D        | Bought a glittering bronze amulet for 45 gold pieces
   762 | D        | Bought a wavering wooden ring for 45 gold pieces
   762 | D        | Identified the ring "Xudyoh" {EV+2 Dex+2} (You bought it in a shop in the Dungeon)
   763 | D        | Identified the amulet "Valud" {Faith Str-3 Int+6} (You bought it in a shop in the Dungeon)
   764 | D        | Identified the ring of Midnight {rCorr rPois rF+ Dex-4} (You bought it in a shop in the Dungeon)
   779 | D        | Round 5.
   789 | D        | Noticed Aizul
   807 | D        | Killed Aizul
   807 | D        | Arena points: 525 (+245) [x7]
   808 | D        | Got a serpentine rune of Zot
   820 | D        | Bought 3 scrolls of identify for 150 gold pieces
   828 | D        | Bought a slimy lapis lazuli ring for 45 gold pieces
   828 | D        | Bought a coiled bronze amulet for 45 gold pieces
   828 | D        | Identified the cursed ring of Sefouf {rC++ MR- AC-3 Int+2 Stlth+} (You bought it in a shop in the Dungeon)
   829 | D        | Identified the amulet of the Sky {Harm *Drain Int+5} (You bought it in a shop in the Dungeon)
  1014 | D        | Round 6.
  1022 | D        | Noticed an ogre mage
  1035 | D        | Killed an ogre mage
  1035 | D        | Reached XP level 9. HP: 46/48 MP: 10/10
  1093 | D        | Reached ****** piety under Trog
  1154 | D        | Arena points: 957 (+432) [x8]
  1176 | D        | Round 7.
  1182 | D        | Bought 3 scrolls of identify for 150 gold pieces
  1190 | D        | Bought a fine marble ring for 45 gold pieces
  1190 | D        | Bought a crude pewter ring for 45 gold pieces
  1190 | D        | Bought a translucent ivory ring for 45 gold pieces
  1190 | D        | Identified the ring "Mawnaomexku" {rN+ MR+} (You bought it in a shop in the Dungeon)
  1191 | D        | Identified the ring "Quogoria" {Ice Str+3} (You bought it in a shop in the Dungeon)
  1192 | D        | Identified the ring "Pola" {rPois rC- MR+ Int+3} (You bought it in a shop in the Dungeon)
  1193 | D        | Noticed a swamp dragon
  1209 | D        | Noticed a swamp dragon
  1214 | D        | Killed a swamp dragon
  1214 | D        | Reached skill level 15 in Dodging
  1219 | D        | Killed a swamp dragon
  1219 | D        | Reached XP level 10. HP: 36/54 MP: 11/11
  1243 | D        | Noticed a swamp dragon
  1256 | D        | Killed a swamp dragon
  1261 | D        | Demolished by a komodo dragon
  1262 | D        | Reached XP level 9. HP: -17/50 MP: 10/10
  1267 | D        | Killed a komodo dragon
  1269 | D        | Noticed a swamp dragon
  1280 | D        | Killed a swamp dragon
  1317 | D        | Arena points: 1524 (+567) [x9]
  1336 | D        | Bought 3 scrolls of identify for 150 gold pieces
  1336 | D        | Bought 3 scrolls of identify for 150 gold pieces
  1344 | D        | Bought a fine bone ring for 45 gold pieces
  1344 | D        | Bought a bound lead amulet for 45 gold pieces
  1344 | D        | Identified the ring "Zessool" {rF+ rC- Str+9 Slay-3 Stlth+} (You bought it in a shop in the Dungeon)
  1345 | D        | Identified the amulet of Puteeb {Gourm rF+ Dex+9} (You bought it in a shop in the Dungeon)
  1348 | D        | Round 8.
  1406 | D        | Noticed an ogre mage
  1416 | D        | Mangled by an ogre
  1417 | D        | Reached XP level 8. HP: -12/47 MP: 9/9
  1426 | D        | Killed an ogre mage
  1426 | D        | Reached XP level 9. HP: 51/51 MP: 10/10
  1442 | D        | Reached skill level 15 in Stealth
  1497 | D        | Noticed an ogre mage
  1507 | D        | Paralysed by an ogre mage for 4 turns
  1514 | D        | Killed an ogre mage
  1517 | D        | Arena points: 2404 (+880) [x10]
  1554 | D        | Bought a potion of experience for 300 gold pieces
  1554 | D        | Reached skill level 1 in Evocations
  1554 | D        | Reached XP level 10. HP: 19/55 MP: 10/12
  1555 | D        | Reached XP level 11. HP: 21/60 MP: 10/13
  1572 | D        | Round 9.
  1623 | D        | Arena points: 3493 (+1089) [x11]
  1668 | D        | Round 10.
  1674 | D        | Noticed Arachne
  1694 | D        | HP: 3/90 [demonic crawler (9)]
  1696 | D        | Demolished by Arachne
  1697 | D        | Reached XP level 10. HP: -16/84 MP: 12/12
  1707 | D        | Reached XP level 11. HP: 46/60 MP: 13/13
  1712 | D        | Noticed an orb spider
  1715 | D        | Killed Arachne
  1715 | D        | Arena points: 4663 (+1170) [x13]
  1715 | D        | Reached skill level 15 in Unarmed Combat
  1716 | D        | Got a gossamer rune of Zot
  1764 | D        | Bought a crude lapis lazuli ring for 45 gold pieces
  1764 | D        | Bought a clouded pewter ring for 45 gold pieces
  1764 | D        | Bought a transparent jade ring for 45 gold pieces
  1764 | D        | Bought a fine golden ring for 45 gold pieces
  1770 | D        | Identified the ring "Futeituf" {Ice *Slow rPois MR+++ SInv} (You bought it in a shop in the Dungeon)
  1771 | D        | Identified the ring "Erihot" {rF+ rC- Int+4} (You bought it in a shop in the Dungeon)
  1772 | D        | Identified the ring of Doubts {Wiz +Inv rElec rN+ Dex-2} (You bought it in a shop in the Dungeon)
  1773 | D        | Identified the ring of Kueruoq {rC+ rN++ Int+5} (You bought it in a shop in the Dungeon)
  1801 | D        | Bought 2 potions of experience for 600 gold pieces
  1801 | D        | Reached skill level 15 in Fighting
  1801 | D        | Gained mutation: Your thick and shaggy fur keeps you warm. (AC +3, rC+) [Felid growth]
  1801 | D        | Reached XP level 12. HP: 65/65 MP: 14/14
  1802 | D        | Reached XP level 13. HP: 69/69 MP: 14/16
  1803 | D        | Reached XP level 14. HP: 73/73 MP: 14/19
  1925 | D        | Round 11.
  2047 | D        | Gained mutation: Your magical capacity is low. (-10% MP) [mutagenic meat]
  2048 | D        | Gained mutation: You tend to lose your temper in combat. [mutagenic meat]
  2115 | D        | Arena points: 4784 (+121) [x1]
  2134 | D        | Round 12.
  2162 | D        | Noticed Nessos
  2175 | D        | Killed Nessos
  2284 | D        | Bought a potion of cure mutation for 175 gold pieces
  2284 | D        | Lost mutation: You tend to lose your temper in combat. [potion of cure mutation]
  2284 | D        | Lost mutation: Your magical capacity is low. (-10% MP) [potion of cure mutation]
  2314 | D        | Arena points: 5072 (+288) [x2]
  2344 | D        | Bought a potion of experience for 300 gold pieces
  2344 | D        | Reached XP level 15. HP: 72/78 MP: 22/22
  2379 | D        | Round 13.
  2492 | D        | Killed from afar by an iron elemental
  2493 | D        | Reached XP level 14. HP: -13/74 MP: 21/21
  2508 | D        | Arena points: 5579 (+507) [x3]
  2532 | D        | Bought 4 potions of curing for 84 gold pieces
  2532 | D        | Bought 3 potions of heal wounds for 105 gold pieces
  2532 | D        | Bought 3 potions of heal wounds for 105 gold pieces
  2532 | D        | Bought 3 potions of heal wounds for 105 gold pieces
  2532 | D        | Bought 3 potions of heal wounds for 105 gold pieces
  2559 | D        | Round 14.
  2732 | D        | Reached skill level 10 in Evocations
  2753 | D        | Arena points: 6195 (+616) [x4]
  2768 | D        | Bought a quad damage for 400 gold pieces
  2808 | D        | Round 15.
  2816 | D        | Noticed a deep elf elementalist
  2829 | D        | Killed a deep elf elementalist
  2829 | D        | Arena points: 7185 (+990) [x6]
  2830 | D        | Got an elven rune of Zot
  2835 | D        | Reached XP level 15. HP: 79/79 MP: 24/24
  2861 | D        | Bought 3 potions of experience for 900 gold pieces
  2864 | D        | Reached XP level 16. HP: 84/84 MP: 25/25
  2865 | D        | Reached XP level 17. HP: 88/88 MP: 26/26
  2866 | D        | Reached XP level 18. HP: 92/92 MP: 26/28
  3039 | D        | Round 16.
  3096 | D        | Gained mutation: Your body sometimes deteriorates upon taking damage. [a shining eye]
  3150 | D        | Gained mutation: You are frail. (-10% HP) [a shining eye]
  3152 | D        | Gained mutation: You are very frail. (-20% HP) [a shining eye]
  3154 | D        | Gained mutation: You are extremely frail. (-30% HP) [a shining eye]
  3180 | D        | Gained mutation: Potions and wands are less effective at restoring your health. [a shining eye]
  3183 | D        | Gained mutation: You are weak. (Str -2) [a shining eye]
  3185 | D        | Gained mutation: Your magical capacity is low. (-10% MP) [a shining eye]
  3186 | D        | Gained mutation: Your body often deteriorates upon taking damage. [a shining eye]
  3193 | D        | Arena points: 8529 (+1344) [x7]
  3261 | D        | Round 17.
  3328 | D        | Bought 3 royal jellies for 24 gold pieces
  3328 | D        | Bought 3 royal jellies for 24 gold pieces
  3345 | D        | Mangled by a stone giant
  3346 | D        | Reached XP level 17. HP: -13/61 MP: 25/25
  3372 | D        | Hit by a large rock thrown by a stone giant

Skill      XL: |  1  2  3  4  5  6  7  8  9 10 11 12 13 14 15 16 17 18 |
---------------+-------------------------------------------------------+-----
Fighting       | 5 7 9 10 11 13 14 15 16 17 | 17.8
Dodging        | 6 9 11 12 14 17 18 20 21 | 21.7
Unarmed Combat | 5 7 8 9 10 12 14 13 15 17 18 | 18.0
Stealth        | 4 7 11 15 16 17 20 21 | 21.6
Evocations     | 1 3 6 11 12 14 | 14.5

Action                   |  1- 3 |  4- 6 |  7- 9 | 10-12 | 13-15 | 16-18 || total
-------------------------+-------+-------+-------+-------+-------+-------++-------
Melee: Unarmed           |    19 |    40 |   144 |    47 |   194 |    64 ||   508
       Bite              |     3 |     4 |    21 |     5 |    33 |    16 ||    82
       Punch             |       |     3 |     8 |     5 |    32 |    12 ||    60
Invok: Berserk           |     1 |       |     2 |     1 |     4 |     2 ||    10
       Trog's Hand       |       |     2 |     8 |     5 |     8 |     4 ||    27
       Brothers in Arms  |       |       |     2 |     4 |     4 |     1 ||    11
Evoke: Wand              |       |       |     1 |     1 |       |       ||     2
  Use: Potion            |     2 |       |     4 |     4 |     6 |     6 ||    22
       Scroll            |       |     2 |    11 |     5 |       |       ||    18
 Stab: Distracted        |       |       |     5 |       |     6 |     3 ||    14
  Eat: Chunk             |       |     5 |     5 |     5 |    10 |     1 ||    26
       Meat ration       |       |       |     1 |       |       |       ||     1
       Royal jelly       |       |       |       |       |       |     1 ||     1
Armor: Skin              |       |       |     3 |     2 |     2 |     1 ||     8
Dodge: Dodged            |    12 |    33 |   137 |   106 |   172 |    32 ||   492
